 Dungeon Crawl Stone Soup version 0.29.1-15-g9cfb28693d (webtiles) character file.

Game seed: 13021131871117010877

824 MacCMillion the Cutter (level 7, -10/36 HPs)
             Began as a Vine Stalker Fighter on Feb 27, 2023.
             Killed by divine providence
             ... invoked by an orc priest
              (12 damage)
             ... on level 5 of the Dungeon.
             The game lasted 00:10:31 (4804 turns).

MacCMillion the Cutter (Vine Stalker Fighter)       Turns: 4804, Time: 00:10:31

Health: -10/36     AC: 14    Str: 19    XL:     7   Next: 96%
Magic:  0/8        EV: 20    Int:  8    God:
Gold:   238        SH:  5    Dex: 15    Spells: 6/6 levels left

rFire   . . .      SeeInvis .   b - +4 dagger
rCold   . . .      Faith    .   c - +0 buckler
rNeg    . . .      Spirit   +   j - +0 plate armour
rPois   .          Reflect  .   (no helmet)
rElec   .          Harm     .   g - +1 cloak
rCorr   .          Rampage  .   m - +0 pair of gloves
Will    .....                   (no boots)
Stlth   ..........              k - amulet of the acrobat
HPRegen 0.92/turn               (no ring)
MPRegen 0.11/turn               (no ring)

@: acrobatic
A: fangs 2, regeneration 1, magic shield, antimagic bite, no potion heal 2
a: no special abilities


You were on level 5 of the Dungeon.
You visited 1 branch of the dungeon, and saw 5 of its levels.

You collected 238 gold pieces.

Inventory:

Hand Weapons
 a - a +0 rapier
 b - a +4 dagger (weapon)
 y - a +1 dagger of holy wrath
Missiles
 o - 10 poisoned darts (quivered)
 r - 4 atropa-tipped darts
Armour
 c - a +0 buckler (worn)
 g - a +1 cloak (worn)
 j - a +0 plate armour (worn)
 m - a +0 pair of gloves (worn)
Jewellery
 k - an amulet of the acrobat (around neck)
Wands
 q - a wand of acid (11)
Scrolls
 f - 6 scrolls of identify {unknown}
 l - a scroll of silence {unknown}
 n - a scroll of enchant armour {unknown}
 p - 2 scrolls of vulnerability {unknown}
 s - a scroll of immolation {unknown}
 t - a scroll of noise {unknown}
 u - a scroll of blinking {unknown}
Potions
 d - 2 potions of might
 e - 3 potions of curing {unknown}
 h - 3 potions of resistance
 i - a potion of invisibility
 v - a potion of attraction {unknown}
 w - 3 potions of heal wounds {unknown}
 x - a potion of flight {unknown}


   Skills:
 + Level 3.0 Fighting
 + Level 7.3 Short Blades
 + Level 2.6 Armour
 - Level 4.0 Shields


You had 6 spell levels left.
You didn't know any spells.
Your spell library contained the following spells:

 Spells                   Type           Power      Damage    Failure   Level
 Sting                    Tmut/Pois      0%         1d3       100%        1
 Poisonous Vapours        Pois/Air       0%         N/A       100%        2
 Olgreb's Toxic Radiance  Pois           0%         N/A       100%        4


Dungeon Overview and Level Annotations

Branches:
Dungeon (5/15)
 Temple: D:4-7

Altars:
Fedhas
Nemelex Xobeh
Qazlal
Ru
Yredelemnul

Annotations:
D:2 1 runed translucent door, Crazy Yiuf


Innate Abilities, Weirdness & Mutations

You have extremely sharp teeth.
Your natural rate of healing is unusually fast.
When hurt, damage is shared between your health and your magic reserves.
Your bite disrupts and absorbs the magic of your enemies.
Potions cannot restore your health.


Message History

There is an open door here.
Found a stone staircase leading up.
You open the door.
There is an open door here.
Found an arbalest.
Found a stone staircase leading down.
You open the door.
There is an open door here.
You open the door.
There is an open door here.
There is an open door here.
There is an open door here.
You see here a hound corpse.
There is an open door here.
Things that are here:
a +1 short sword of speed; 2 boomerangs
There is an open door here.
There is an open door here.
An orc priest comes into view. It is wielding a +0 club.
The orc priest shouts!
An orc priest is nearby!
An orc priest comes into view. It is wielding a +0 dagger.
The orc priest shouts!
The orc priest mumbles some strange prayers to Beogh against you.
Pain shoots through your body!
The orc priest miscasts a cantrip.
The orc priest calls down the wrath of Beogh upon you.
Beogh smites you!
The orc priest calls down the wrath of Beogh upon you.
Beogh smites you!
* * * LOW HITPOINT WARNING * * *
An orc priest comes into view. It is wielding a +0 war axe.
The orc priest shouts!
There is an open door here.
The orc priest invokes the aid of Beogh against you.
Beogh smites you!
* * * LOW HITPOINT WARNING * * *
The orc priest mumbles some strange prayers to Beogh against you.
Beogh smites you!
You die...

###############...#.....#
..................#.....#
..................#o.o..#
.................o#.....#
....##.......##...#.....#
....###########...#.....#
....##.......##...#.....#
....##..>.....#...#.....#
..............'.@.#.....#
...........<..#...'.....#
..............#...#.....#
....##.......##...#.....#
###)##.......######.....#
...[##.......##...#.....#
....#.............#.....#
....#.............#.....#
....##.......##...#.....#######..


You could see an orc priest.

Vanquished Creatures
  An ice beast (D:5)
  An ogre (D:4)
  A centaur (D:3)
  Blork the orc (D:4)
  A necrophage (D:4)
  2 howler monkeys (D:4)
  2 hounds
  An orc priest (D:5)
  An iguana (D:4)
  An orc wizard (D:5)
  Robin (D:4)
  9 adders
  3 gnolls (D:4)
  A worm (D:2)
  A dart slug (D:3)
  5 orcs
  9 ball pythons
  7 endoplasms
  6 giant cockroaches
  11 hobgoblins
  5 quokkas
  8 bats
  4 frilled lizards
  13 goblins
  5 kobolds
  5 rats
105 creatures vanquished.

Vanquished Creatures (others)
  A fungus (D:2)
1 creature vanquished.

Grand Total: 106 creatures vanquished

Notes
Turn   | Place    | Note
-------+----------+-------------------------------------------
     0 | D:1      | MacCMillion the Vine Stalker Fighter began the quest for
                  | the Orb.
     0 | D:1      | Reached XP level 1. HP: 11/11 MP: 2/2
   104 | D:1      | Reached skill level 2 in Short Blades
   378 | D:1      | Reached XP level 2. HP: 16/16 MP: 3/3
  1208 | D:2      | Reached XP level 3. HP: 15/19 MP: 4/4
  1728 | D:2      | Reached skill level 3 in Short Blades
  1728 | D:2      | Gained mutation: Your natural rate of healing is unusually
                  | fast. [Vine Stalker growth]
  1728 | D:2      | Reached XP level 4. HP: 16/23 MP: 3/5
  1973 | D:2      | Found a runed translucent door.
  1974 | D:2      | Noticed Crazy Yiuf
  2111 | D:3      | Found a sparkling altar of Nemelex Xobeh.
  2238 | D:3      | Reached XP level 5. HP: 22/27 MP: 6/6
  2387 | D:3      | Found a stormy altar of Qazlal.
  2625 | D:3      | Identified the +2 trident of Midsummer {vorpal, Int+2}
  2829 | D:3      | Found a sacrificial altar of Ru.
  2953 | D:3      | Noticed a centaur
  2966 | D:3      | Reached skill level 4 in Short Blades
  2970 | D:3      | Killed a centaur
  2971 | D:3      | Reached XP level 6. HP: 18/32 MP: 5/7
  3225 | D:4      | Found a basalt altar of Yredelemnul.
  3225 | D:4      | Found a blossoming altar of Fedhas.
  3418 | D:4      | Reached skill level 5 in Short Blades
  3488 | D:4      | Noticed Robin
  3496 | D:4      | Killed Robin
  3616 | D:4      | Noticed Blork the orc
  3632 | D:4      | Killed Blork the orc
  3633 | D:4      | Reached skill level 6 in Short Blades
  3633 | D:4      | Reached XP level 7. HP: 31/35 MP: 8/8
  4030 | D:4      | Identified the +1 robe of Husek {Fly rN+++ Int-5 Stlth+}
  4454 | D:5      | Entered Level 5 of the Dungeon
  4505 | D:5      | Reached skill level 7 in Short Blades
  4803 | D:5      | HP: 1/36 [orc priest/divine providence (10)]
  4804 | D:5      | Killed from afar by an orc priest

Illustrated notes

Levels and vault maps discovered:
D:1:      dpeg_arrival_three_same_balls, layout_basic
D:2:      minmay_chambers_of_twos, layout_loops_ring, uniq_crazy_yiuf_cottage
D:3:      layout_loops_corners, nicolae_qazlal_eye_of_the_storm,
          mainiacjoe_overflow_24_doors, lemuel_tele_altar,
          minmay_misc_feat_doors
D:4:      layout_basic, mainiacjoe_overflow_small_starburst,
          mainiacjoe_overflow_catwalk, uniq_robin, uniq_blork_the_orc
D:5:      minmay_spotlight, layout_gridville, cheibriados_altar_1,
          grunt_temple_overflow_open, okawaru_altar_gauntlet_db,
          minmay_temple_entry_glass

Skill      XL: |  1  2  3  4  5  6  7 |
---------------+----------------------+-----
Short Blades   | 2 3 4 6 7 |  7.3
Shields        | 3 4 |  4.0
Fighting       | 3 |  3.0
Armour         | |  2.6

Action                   |  1- 3 |  4- 6 |  7- 9 || total
-------------------------+-------+-------+-------++-------
Melee: Rapier            |    35 |       |       ||    35
       Bite              |    10 |    44 |    32 ||    86
       Dagger            |    45 |   165 |    99 ||   309
Throw: Dart              |     2 |     2 |       ||     4
Armor: Scale mail        |     3 |       |       ||     3
       Plate armour      |    29 |    81 |    37 ||   147
Dodge: Dodged            |    20 |    48 |    23 ||    91
Block: Buckler           |    13 |    34 |    14 ||    61
